Map: Romanticide LE

Players

Powerhouse

  • Race: Terran Terran
  • League: Master

ViBE - Winner!

  • Race: Zerg Zerg
  • League: Diamond

VOD

Have the link to the VOD?

Description

Time

  • Played on: April 20, 2021, 11:12 p.m.
  • Length: 29:17
Show
View Real Time Build Order
Export as new Build Order

Powerhouse Terran 

Build Orders: Reaper Expand 

Get SALT Encoding   

  12  0:00  SCV  
  13  0:12  SCV  
  14  0:17  Supply Depot  
  14  0:25  SCV  
  15  0:39  SCV  
  15  0:40  Barracks  
  16  0:45  Refinery  
  16  0:51  SCV  
  17  1:03  SCV  
  18  1:15  SCV  
  19  1:29  Orbital Command  
  19  1:30  Reaper  
  20  1:42  Command Center  
  20  1:55  SCV  
  21  2:02  Marine  
  21  2:03  Supply Depot  
  21  2:08  SCV  
  23  2:13  Factory  
  23  2:25  SCV  
  24  2:30  Barracks Reactor  
  25  2:37  SCV  
  25  2:48  Refinery  
  25  2:49  SCV  
  26  3:00  Orbital Command  
  26  3:01  SCV  
  26  3:04  Starport  
  27  3:13  SCV  
  28  3:20  Barracks Tech Lab  
  28  3:25  SCV  
  28  3:26  SCV  
  30  3:29  Hellion  
  30  3:30  Hellion  
  34  3:37  SCV  
  34  3:39  SCV  
  35  3:49  SCV  
  35  3:50  Stimpack  
  35  3:51  Viking, Hellion x2  
  42  3:58  Supply Depot  
  42  3:59  Supply Depot  
  42  4:07  SCV  
  43  4:11  Supply Depot  
  43  4:12  SCV  
  43  4:14  Hellion  
  46  4:20  Hellion, SCV  
  49  4:24  Liberator, SCV  
  53  4:32  SCV  
  53  4:36  SCV  
  55  4:42  Command Center  
  55  4:44  SCV  
  60  4:45  Hellion  
  60  4:46  Hellion  
  60  4:48  SCV  
  60  4:52  Supply Depot  
  61  4:53  Supply Depot  
  61  4:56  SCV  
  62  5:00  SCV  
  63  5:08  SCV  
  63  5:11  Starport Reactor  
  63  5:12  SCV  
  65  5:16  Barracks  
  65  5:19  Barracks  
  65  5:20  SCV  
  66  5:22  Factory Tech Lab  
  66  5:24  SCV  
  66  5:27  Supply Depot  
  67  5:32  Refinery  
  67  5:33  Refinery, SCV  
  67  5:34  Engineering Bay  
  68  5:35  Combat Shield  
  68  5:37  Engineering Bay, SCV  
  69  5:45  SCV  
  69  5:49  Marine, SCV  
  71  5:50  Supply Depot x2  
  71  5:51  Siege Tank  
  72  5:59  Starport Reactor  
  58  6:04  SCV  
  58  6:06  Terran Infantry Armor Level 1, Terran Infantry Weapons Level 1  
  58  6:08  Orbital Command  
  57  6:27  Orbital Command  
  57  6:29  SCV  
  57  6:30  Barracks  
  57  6:32  Siege Tank  
  59  6:33  Barracks  
  59  6:42  Marine x3, Supply Depot  
  59  6:43  Marine x2  
  64  6:48  Medivac x2  
  68  6:54  SCV x3  
  71  7:01  Marine  
  71  7:02  Marine x3  
  71  7:03  Marine  
  71  7:06  SCV x3  
  79  7:16  Siege Tank  
  79  7:18  SCV x2  
  79  7:19  SCV  
  85  7:30  SCV  
  85  7:31  SCV x2  
  85  7:33  Marine x4  
  85  7:35  Barracks Tech Lab, Barracks Reactor  
  92  7:43  SCV x3  
  95  7:44  Refinery  
  95  7:45  Refinery  
  95  7:47  Supply Depot  
  95  7:48  Supply Depot  
  95  7:49  Armory  
  95  7:55  Command Center, SCV x3  
  95  7:57  Marine x6  
  104  8:06  Concussive Shells  
  104  8:07  SCV x3  
  104  8:12  Medivac x2, Siege Tank  
  112  8:13  Marine x2  
  112  8:15  Marine x6  
  112  8:19  SCV x3  
  125  8:32  Marine  
  125  8:33  Marine x4  
  128  8:39  Marine x3  
  130  8:45  Terran Infantry Weapons Level 2, Terran Infantry Armor Level 2, SCV x2  
  130  8:47  Terran Vehicle Weapons Level 1  
  129  8:50  Marine x2  
  129  8:51  Marine  
  129  8:54  Marine, Barracks x2  
  129  8:55  Marine  
  134  8:56  Medivac x2, Siege Tank, Barracks  
  141  9:09  Marine x2, Marauder  
  143  9:10  Marine x3  
  143  9:13  Marauder  
  148  9:20  Marine  
  149  9:27  Marine x2  
  149  9:30  Marauder, SCV x3  
  156  9:34  Marauder  
  156  9:35  Supply Depot  
  156  9:36  Marine x3  
  156  9:37  Supply Depot x2  
  161  9:39  Supply Depot  
  161  9:52  Marauder  
  163  9:57  Marauder  
  165  10:03  Marine  
  166  10:12  Marine x6  
  172  10:15  Barracks Tech Lab x2  
  172  10:17  Marine  
  172  10:21  Marine  
  172  10:29  Marine  
  172  10:30  Marine x4  
  172  10:31  Planetary Fortress  
  172  10:34  Refinery  
  177  10:35  Marine, Refinery  
  177  10:36  Marine x3  
  177  10:39  Factory  
  177  10:40  Factory  
  175  10:51  Command Center  
  175  10:53  Marine x4  
  175  10:54  Marine x2, Marauder x4  
  189  10:58  Siege Tank  
  189  10:59  Medivac x2  
  196  11:22  Marine x2  
  196  11:23  Marine x2  
  196  11:24  Marine  
  196  11:25  Marine  
  196  11:26  Marauder  
  196  11:28  Marine  
  195  11:35  Marauder  
  195  11:36  Marauder  
  195  11:37  Liberator, Siege Tank  
  184  11:40  Marine x2  
  184  11:41  Marine x3  
  184  11:42  Marine  
  184  11:43  Factory Tech Lab x2  
  184  11:46  Marauder  
  169  11:47  Marauder  
  152  11:56  Marauder  
  152  11:57  Marine, Medivac  
  152  11:58  Marine x3  
  152  11:59  Marine x2  
  152  12:00  Marine  
  163  12:07  Marauder  
  165  12:09  Siege Tank, Marauder  
  165  12:15  Marine x2  
  168  12:16  Marine x2  
  168  12:17  Marine x2, Siege Tank x2  
  168  12:18  Marine, Marauder  
  168  12:20  Medivac  
  181  12:26  Refinery  
  181  12:28  Marine  
  182  12:30  Marine  
  182  12:32  Marine, SCV x4  
  182  12:33  Marine  
  182  12:34  Marine x3  
  182  12:35  Marine  
  182  12:36  Marine  
  194  12:39  Marauder  
  194  12:41  Siege Tank  
  199  12:46  Marine  
  199  12:47  Terran Infantry Weapons Level 3  
  199  12:48  Terran Vehicle Weapons Level 2, Terran Infantry Armor Level 3  
  200  12:56  Planetary Fortress  
  200  13:12  Command Center  
  163  13:57  Marine x7  
  163  13:58  Marine x3  
  163  14:00  Siege Tank x3  
  163  14:02  Medivac x2  
  178  14:15  Marine x5  
  178  14:16  Marauder x3  
  166  14:17  SCV x4  
  166  14:18  SCV  
  171  14:32  Siege Tank x3  
  171  14:34  Marine x7  
  171  14:37  Marine, Marauder x2  
  189  14:51  Marine, SCV x4  
  189  14:52  Marine x4, SCV  
  199  14:56  Planetary Fortress  
  199  15:03  SCV  
  173  15:50  Ghost Academy  
  173  15:59  Marauder  
  173  16:00  Marauder x3  
  173  16:02  Marine x6  
  182  16:19  Marine  
  182  16:21  Marauder x4  
  166  16:26  Siege Tank x3  
  168  16:42  Marauder x3  
  168  16:43  Marine x2  
  168  16:44  Marine x2, Marauder  
  146  16:53  Medivac x2  
  146  16:54  Enhanced Shockwaves  
  142  16:56  Marine x2  
  142  17:00  SCV x4  
  142  17:01  Marine x3  
  147  17:03  Marauder  
  147  17:04  Marauder  
  156  17:12  SCV x3  
  156  17:14  Marine  
  156  17:15  Marine  
  161  17:19  Terran Vehicle Weapons Level 3  
  161  17:23  Medivac  
  161  17:24  SCV x4  
  161  17:27  Marine x4  
  175  17:32  Marine, Unknown  
  175  17:34  Unknown  
  180  17:40  Command Center  
  180  17:41  Command Center  
  180  17:49  Marine, SCV  
  179  17:53  Unknown x2  
  165  17:59  Medivac x2  
  165  18:00  Unknown  
  165  18:02  Unknown  
  173  18:12  Personal Cloaking  
  173  18:17  Fusion Core  
  173  18:20  Refinery  
  173  18:21  Unknown  
  173  18:22  Unknown  
  177  18:29  Medivac x2, Unknown  
  177  18:31  Unknown  
  175  18:36  Marine x3  
  178  18:50  Unknown x2  
  178  18:51  Marine x3, Marauder  
  185  18:57  Unknown  
  185  18:58  Marauder  
  185  18:59  Medivac  
  185  19:00  Marauder, Unknown  
  191  19:12  Command Center  
  191  19:13  Marauder  
  193  19:18  Unknown  
  193  19:19  Marauder  
  195  19:32  Refinery  
  195  19:38  Marauder  
  195  19:41  Marauder  
  140  19:50  Marine x2  
  140  19:51  Marine x4, Marauder x2  
  114  19:59  Marauder  
  115  20:02  Marauder  
  114  20:08  Marine x2  
  114  20:09  Marine x3  
  114  20:13  Marauder x2  
  112  20:21  Marauder  
  112  20:23  Planetary Fortress  
  112  20:24  Marauder  
  112  20:34  Marauder x2  
  116  20:40  Marine x3  
  116  20:41  Marine  
  124  20:50  Advanced Ballistics  
  128  21:09  Marine  
  128  21:10  Unknown  
  131  21:13  Unknown  
  131  21:15  SCV x4  
  137  21:23  Unknown  
  137  21:24  Unknown  
  139  21:39  Unknown  
  137  21:42  Unknown  
  135  21:52  Unknown  
  127  21:56  Marine  
  127  21:57  Marine x7  
  127  21:58  Marine x2  
  137  22:01  Planetary Fortress  
  137  22:10  SCV x4  
  137  22:14  Marine  
  142  22:16  Marauder x4  
  142  22:22  SCV x3  
  153  22:23  Marine  
  153  22:24  Marine x2  
  153  22:25  Marine x2  
  158  22:32  Marine  
  159  22:37  Marauder x2  
  159  22:43  Supply Depot  
  159  22:44  Supply Depot x2  
  163  22:45  Supply Depot  
  163  22:46  Liberator x2  
  169  23:42  SCV x3  
  169  23:43  SCV  
  91  24:32  Marine x9  
  101  24:44  Marine  
  101  24:55  Command Center x2  
  101  24:57  Unknown  
  101  25:16  Marine  
  101  25:17  Marauder  
  101  25:57  Marine x2  
  101  25:58  Marine x2  
  101  25:59  Marine x2  
  101  26:07  Marine x2, Liberator x2, Siege Tank x2  
  115  26:15  Marine x2, SCV x3  
  115  26:16  Marine  
  115  26:17  Marine x2  
  125  26:24  Marine  
  125  26:25  Marauder  
  128  26:27  Unknown, SCV  
  131  26:44  Unknown  
  131  26:50  Marine  
  131  26:51  Marine  
  131  26:52  Marine, SCV  
  131  26:53  Siege Tank  
  128  26:56  Unknown  
  128  26:58  Marine x3  
  128  26:59  Marauder  
  95  27:19  Unknown  
  95  27:20  Unknown  
  95  27:21  Orbital Command  
  90  27:30  Engineering Bay  
  90  27:48  Supply Depot  
  90  27:53  Supply Depot  
  90  27:56  Supply Depot  
  90  27:57  Planetary Fortress  
  87  28:09  Marine x3  
  87  28:10  Marauder  
  92  28:14  Marauder x2  
  93  28:32  Marine  
  93  28:55  Marine x2  
  93  28:56  Marine  
Show
View Real Time Build Order
Export as new Build Order

ViBE Zerg - Winner!

Build Orders: Hatch First 

Get SALT Encoding   

  12  0:00  Drone  
  13  0:13  Overlord  
  13  0:17  Drone  
  14  0:34  Drone x2  
  16  0:50  Hatchery  
  16  0:52  Drone  
  16  0:54  Drone  
  17  1:02  Drone  
  18  1:11  Extractor  
  17  1:14  Spawning Pool  
  17  1:16  Drone  
  17  1:28  Drone  
  18  1:37  Drone  
  19  1:47  Overlord  
  19  2:01  Drone, Queen  
  19  2:02  Queen  
  19  2:03  Zergling x4  
  26  2:15  Metabolic Boost  
  26  2:25  Drone x4  
  30  2:43  Hatchery  
  29  2:50  Spore Crawler  
  28  2:51  Drone x4  
  32  3:02  Overlord  
  33  3:06  Overlord  
  33  3:19  Drone  
  34  3:20  Drone x3  
  34  3:25  Queen  
  39  3:30  Drone  
  40  3:39  Drone  
  40  3:40  Drone x3  
  44  3:51  Zergling x2  
  44  3:52  Zergling x8  
  49  3:58  Baneling Nest  
  49  4:00  Queen  
  50  4:03  Queen  
  50  4:05  Overlord  
  52  4:12  Drone  
  52  4:13  Drone x5  
  58  4:19  Overlord  
  58  4:21  Overlord  
  58  4:36  Overlord  
  58  4:37  Overlord  
  58  4:39  Drone x9  
  67  4:49  Overlord  
  67  4:50  Overlord  
  67  5:00  Queen x2  
  71  5:08  Baneling x5  
  71  5:14  Drone x15  
  86  5:24  Drone x2  
  86  5:26  Lair, Extractor x2  
  86  5:27  Extractor  
  84  5:28  Extractor  
  84  5:30  Extractor  
  84  5:34  Hatchery  
  81  5:39  Hatchery  
  75  5:58  Drone x4  
  75  5:59  Drone x2  
  69  6:04  Drone  
  69  6:09  Drone  
  69  6:10  Drone  
  71  6:18  Drone  
  71  6:19  Drone  
  71  6:25  Drone x2  
  75  6:31  Drone x2  
  77  6:39  Drone, Hydralisk Den  
  77  6:40  Evolution Chamber  
  77  6:41  Evolution Chamber  
  77  6:44  Drone x2  
  77  6:54  Drone x3  
  79  6:55  Drone x2  
  79  6:57  Drone x2  
  79  7:00  Drone x6  
  90  7:04  Zergling x2  
  90  7:05  Zergling x2, Centrifical Hooks  
  90  7:07  Zerg Ground Armor Level 1, Zerg Melee Weapons Level 1  
  92  7:08  Grooved Spines  
  92  7:09  Baneling  
  92  7:10  Baneling  
  92  7:18  Overlord  
  92  7:19  Overlord x3  
  92  7:27  Zergling x2  
  92  7:28  Overlord x2  
  93  7:37  Zergling x24  
  93  7:42  Drone  
  106  7:57  Drone x11  
  117  8:09  Hatchery  
  117  8:11  Hatchery  
  115  8:18  Zergling x24  
  127  8:20  Baneling x5, Muscular Augments  
  127  8:21  Baneling x14  
  127  8:24  Zergling x6  
  127  8:25  Zergling x6  
  133  8:28  Queen  
  128  8:35  Zergling x20  
  131  8:48  Drone x3, Extractor  
  130  8:50  Extractor  
  131  9:00  Hydralisk x5  
  131  9:02  Overlord x10  
  138  9:12  Overlord x3  
  138  9:14  Zerg Ground Armor Level 2  
  138  9:15  Infestation Pit, Zerg Melee Weapons Level 2  
  137  9:27  Hydralisk x13  
  163  9:38  Zergling x18  
  172  9:49  Queen  
  172  9:52  Hive  
  171  10:08  Zergling x2  
  171  10:09  Zergling x30  
  184  10:31  Spore Crawler  
  184  10:32  Spore Crawler  
  184  10:34  Drone x6, Spore Crawler  
  184  10:35  Drone x6, Spore Crawler  
  192  10:36  Spore Crawler  
  192  10:37  Unknown  
  192  10:38  Zergling x4  
  192  10:42  Queen  
  190  10:46  Overseer  
  190  10:47  Queen  
  188  10:50  Spore Crawler  
  187  11:22  Overlord  
  187  11:25  Zergling x18  
  189  11:26  Zergling x14  
  194  11:36  Baneling x10  
  194  11:37  Baneling x4  
  169  11:44  Zergling x10  
  169  11:45  Zergling x8  
  154  11:48  Zergling x20  
  154  11:49  Zergling x40  
  172  12:02  Zerg Ground Armor Level 3  
  172  12:03  Adrenal Glands, Zerg Melee Weapons Level 3, Ultralisk Cavern  
  164  12:10  Drone x8  
  164  12:11  Drone  
  169  12:18  Hatchery  
  168  12:32  Queen  
  170  12:41  Hatchery  
  169  12:49  Drone x5  
  169  12:50  Drone x3  
  177  12:53  Zergling x6  
  177  12:54  Zergling x34  
  177  12:55  Chitinous Plating  
  197  13:06  Baneling x12  
  197  13:07  Baneling x6  
  197  13:08  Overseer  
  197  13:09  Overseer  
  197  13:37  Baneling x5  
  197  13:38  Baneling x2  
  170  13:59  Ultralisk  
  170  14:00  Ultralisk x4, Zergling x8  
  200  14:09  Hatchery  
  196  14:13  Anabolic Synthesis  
  182  14:23  Drone x3  
  184  14:37  Zergling x30  
  199  14:44  Baneling x4  
  199  14:45  Baneling x9  
  199  14:47  Baneling x3  
  199  15:01  Lurker Den  
  199  15:02  Zerg Missile Weapons Level 1  
  170  15:43  Zergling x8  
  170  15:44  Zergling x54  
  199  16:06  Baneling  
  199  16:07  Baneling x12  
  199  16:08  Baneling x15  
  195  16:13  Baneling x7  
  195  16:14  Baneling x6  
  169  16:41  Ultralisk x2  
  169  16:42  Ultralisk x3  
  169  16:43  Zergling x24  
  195  17:26  Baneling x12  
  195  17:32  Hydralisk x2  
  177  17:49  Spire  
  150  17:56  Ultralisk  
  150  17:57  Hydralisk x8, Ultralisk x4, Zergling x10  
  150  17:58  Hydralisk, Zergling x2  
  171  17:59  Zergling x30  
  171  18:05  Drone x3  
  190  18:12  Zergling x10  
  195  18:13  Zergling x6  
  198  18:24  Baneling x14  
  198  18:42  Burrow, Pneumatized Carapace  
  198  18:44  Drone x2  
  198  18:46  Extractor  
  198  18:47  Extractor  
  198  18:51  Extractor  
  198  18:52  Extractor  
  198  18:55  Zerg Missile Weapons Level 2  
  196  19:01  Greater Spire  
  196  19:07  Drone x4, Hatchery  
  196  19:08  Drone  
  193  19:45  Zergling x32  
  161  19:46  Zergling x40  
  157  19:58  Zergling x2  
  157  19:59  Zergling x10  
  153  20:04  Overseer x2  
  139  20:42  Hatchery  
  138  20:51  Drone x6  
  138  20:52  Drone x7  
  150  21:05  Hydralisk  
  150  21:06  Hydralisk x11  
  156  21:43  Lurker x9  
  152  21:52  Hatchery  
  152  21:53  Ultralisk x3  
  162  21:57  Hydralisk x3  
  168  22:08  Queen  
  170  22:18  Unknown  
  169  22:24  Drone  
  169  22:27  Lurker x3  
  173  22:33  Hatchery  
  172  23:01  Zergling x2  
  172  23:02  Zergling x42  
  191  23:15  Overseer  
  191  23:16  Baneling Nest, Overseer x3  
  181  23:41  Hydralisk x3  
  181  23:42  Hydralisk x6  
  160  24:15  Seismic Spines  
  152  24:20  Hydralisk x13  
  148  24:38  Lurker x9  
  153  24:47  Drone  
  153  24:48  Drone x16  
  153  24:49  Drone x2  
  171  25:13  Adaptive Talons  
  171  25:18  Hatchery  
  170  25:25  Zergling x6  
  170  25:26  Zergling x30  
  170  25:27  Zergling x4  
  190  25:35  Extractor  
  189  25:36  Extractor  
  189  25:41  Drone x2  
  175  26:08  Baneling x16  
  175  26:09  Baneling  
  175  26:20  Drone x13  
  175  26:21  Drone x6  
  175  26:22  Drone  
  175  26:23  Hatchery  
  191  26:26  Spore Crawler x2  
  165  27:01  Baneling Nest  
  143  27:21  Lurker  
  142  27:24  Hydralisk x3  
  142  27:26  Ultralisk x2  
  142  27:27  Ultralisk  
  161  27:39  Drone  
  161  27:40  Drone x7  
  167  28:22  Zergling x8  
  167  28:23  Zergling x36  
  179  28:37  Drone x9  
Tags
 
Add a new tag
Caveats
  • Supply blocks, unpowered buildings, or Contaminate may cause inaccurate times.
  • Supply counts are checked every 10 seconds.